 Dungeon Crawl Stone Soup version 0.22-a0-447-gee5f723 (webtiles) character file.

172 incide the Charmwright (level 5, -4/43 HPs)
             Began as a Gnoll Skald on June 3, 2018.
             Killed by nerve-wracking pain
             ... invoked by Grinder
              (9 damage)
             ... while paralysed by Grinder
             ... on level 3 of the Dungeon.
             The game lasted 00:04:18 (1744 turns).

incide the Charmwright (Gnoll Skald)                Turns: 1744, Time: 00:04:19

Health: -4/43      AC:  4    Str: 13    XL:     5   Next: 52%
Magic:  12/12      EV:  2    Int: 16    God:
Gold:   89         SH:  0    Dex: 15    Spells: 3/14 levels left

rFire    . . .     SeeInvis .   a - +0 hand axe
rCold    . . .     Gourm    .   (no shield)
rNeg     . . .     Faith    .   b - +0 leather armour
rPois    .         Spirit   .   (no helmet)
rElec    .         Reflect  .   (no cloak)
rCorr    .         Harm     .   (no gloves)
MR       .....                  h - +0 pair of boots
Stlth    ++........             (no amulet)
HPRegen  0.14/turn              (no ring)
MPRegen  0.13/turn              (no ring)

@: paralysed
A: distributed training, fangs 1, strong nose
a: no special abilities


You were on level 3 of the Dungeon.
You were hungry.

You visited 1 branch of the dungeon, and saw 3 of its levels.

You collected 89 gold pieces.

Inventory:

Hand Weapons
 a - a +0 hand axe (weapon)
 f - a +1 antimagic dagger
Missiles
 j - 5 javelins of returning (quivered)
Armour
 b - a +0 leather armour (worn)
 h - a +0 pair of boots (worn)
Jewellery
 o - an uncursed ring of teleportation
Scrolls
 e - a scroll of fog
 g - a scroll of teleportation
 i - a scroll of identify {unknown}
 k - a scroll of fear {unknown}
 l - a scroll of blinking {unknown}
 p - a scroll of remove curse
Potions
 c - 2 potions of berserk rage {unknown}
 m - a potion of ambrosia {unknown}
Comestibles
 d - 12 rations
 n - 10 chunks of flesh {@w1}


   Skills:
 + Level 4.8 Fighting
 + Level 1.5 Short Blades
 + Level 1.5 Long Blades
 + Level 4.8 Axes
 + Level 1.5 Maces & Flails
 + Level 1.5 Polearms
 + Level 1.5 Staves
 + Level 1.5 Slings
 + Level 1.5 Bows
 + Level 1.5 Crossbows
 + Level 1.5 Throwing
 + Level 3.0 Armour
 + Level 4.8 Dodging
 + Level 1.5 Stealth
 + Level 1.5 Shields
 + Level 1.5 Unarmed Combat
 + Level 5.2 Spellcasting
 + Level 1.2 Conjurations
 + Level 1.2 Hexes
 + Level 5.5 Charms
 + Level 1.2 Summonings
 + Level 1.2 Necromancy
 + Level 1.2 Translocations
 + Level 1.2 Transmutations
 + Level 1.2 Fire Magic
 + Level 1.2 Ice Magic
 + Level 1.2 Air Magic
 + Level 1.2 Earth Magic
 + Level 1.2 Poison Magic
 + Level 1.7 Invocations
 + Level 1.5 Evocations


You had 3 spell levels left.
You knew the following spells:

 Your Spells              Type           Power        Failure   Level  Hunger
a - Infusion              Chrm           ###.         1%          1    None
b - Song of Slaying       Chrm           ###.....     3%          2    #......
c - Shroud of Golubria    Chrm/Tloc      ###.......   7%          2    #......
d - Regeneration          Chrm/Necr      ###.......   14%         3    ###....
e - Spectral Weapon       Hex/Chrm       ###.....     14%         3    ###....

Your spell library contained the following spells:

 Spells                   Type           Power        Failure   Level  Hunger


Dungeon Overview and Level Annotations

Branches:
Dungeon (3/15)

Altars:

Portals:
Sewer: D:3

Annotations:
D:3 Grinder


Innate Abilities, Weirdness & Mutations

Your experience applies equally to all skills.
You have very sharp teeth.
Your uncanny sense of smell can sniff out nearby items.


Message History

You hit the orc.
The orc is almost dead.
You closely miss Grinder. Grinder gestures at you.
Pain shoots through your body!
You hit the orc but do no damage. Your bite misses the orc.
The orc is almost dead.
You hit Grinder. The orc closely misses you. Grinder gestures at you.
You suddenly lose the ability to move!
The orc hits you with a flail. Grinder gestures at you.
You shrug off the repeated paralysis!
Grinder hits you.
You writhe in agony.
* * * LOW HITPOINT WARNING * * *
The orc hits you with a flail.
* * * LOW HITPOINT WARNING * * *
Grinder gestures at you. Pain shoots through your body!
You die...

###...##..#####...
..........#≈≈≈#..#######
####..##..#≈≈≈#...).....
# #......#≈∩≈#..#...#..
# ##.##..#≈≈S#.........
# # #..#sSS#..#...#.. #
#..##+##....).... #
##.#........o### #
..........##.@..# #
####..######.5..# # #.>
#....# # ### #....#
#+### #....####.# ....#
#.......#.# ....#
###.###.#.###### ....# ∆
.# #.........
....###########
#.........


You could see Grinder, 3 adders, an orc and a giant cockroach.

Vanquished Creatures
  3 gnolls (D:3)
  4 adders
  A shadow imp (D:3)
  An ooze (D:2)
  3 worms
  4 dart slugs
  A leopard gecko (D:3)
  9 orcs (D:3)
  3 giant cockroaches
  7 goblins
  6 hobgoblins
  3 jackals (D:2)
  4 kobolds
  A quokka (D:2)
  A ball python (D:3)
  10 bats
  3 frilled lizards
  7 rats
71 creatures vanquished.

Notes
Turn   | Place    | Note
-------+----------+-------------------------------------------
     0 | D:1      | incide the Gnoll Skald began the quest for the Orb.
     0 | D:1      | Reached XP level 1. HP: 20/20 MP: 6/6
   232 | D:1      | Reached XP level 2. HP: 24/26 MP: 7/7
   647 | D:2      | Reached XP level 3. HP: 31/31 MP: 9/9
   677 | D:2      | Learned a level 2 spell: Song of Slaying
   680 | D:2      | Learned a level 2 spell: Shroud of Golubria
   686 | D:2      | Learned a level 3 spell: Regeneration
   690 | D:2      | Reached skill level 5 in Spellcasting
   695 | D:2      | Learned a level 3 spell: Spectral Weapon
   717 | D:2      | Reached skill level 1 in Invocations
   994 | D:2      | Reached skill level 1 in Short Blades
   994 | D:2      | Reached skill level 1 in Long Blades
   994 | D:2      | Reached skill level 1 in Maces & Flails
   994 | D:2      | Reached skill level 1 in Polearms
   994 | D:2      | Reached skill level 1 in Staves
   994 | D:2      | Reached skill level 1 in Slings
   994 | D:2      | Reached skill level 1 in Bows
   994 | D:2      | Reached skill level 1 in Crossbows
   994 | D:2      | Reached skill level 1 in Throwing
   994 | D:2      | Reached skill level 1 in Stealth
   994 | D:2      | Reached skill level 1 in Shields
   994 | D:2      | Reached skill level 1 in Unarmed Combat
   994 | D:2      | Reached skill level 1 in Evocations
  1000 | D:2      | Reached XP level 4. HP: 30/38 MP: 9/11
  1432 | D:3      | Reached skill level 1 in Conjurations
  1432 | D:3      | Reached skill level 1 in Hexes
  1432 | D:3      | Reached skill level 1 in Summonings
  1432 | D:3      | Reached skill level 1 in Necromancy
  1432 | D:3      | Reached skill level 1 in Translocations
  1432 | D:3      | Reached skill level 1 in Transmutations
  1432 | D:3      | Reached skill level 1 in Fire Magic
  1432 | D:3      | Reached skill level 1 in Ice Magic
  1432 | D:3      | Reached skill level 1 in Air Magic
  1432 | D:3      | Reached skill level 1 in Earth Magic
  1432 | D:3      | Reached skill level 1 in Poison Magic
  1459 | D:3      | Reached XP level 5. HP: 20/43 MP: 0/12
  1628 | D:3      | Reached skill level 3 in Armour
  1712 | D:3      | Found a glowing drain.
  1732 | D:3      | Noticed Grinder
  1741 | D:3      | Paralysed by Grinder for 4 turns
  1743 | D:3      | HP: 8/43 [Grinder (6)]
  1744 | D:3      | Killed from afar by Grinder

Vault maps used:
D:1:      elethiomel_arrival_infinity_welcomes_careful_drivers, st_stairs_11,
          minmay_misc_feat_x
D:2:      first_ration, minmay_bisected
D:3:      minitemple, lemuel_coloured_pillars_altar, gup_sewer_entry_glass,
          uniq_grinder

Skill      XL: |  1  2  3  4  5 |
---------------+----------------+-----
Spellcasting   | 5 |  5.2
Invocations    | 1 |  1.7
Short Blades   | 1 |  1.5
Long Blades    | 1 |  1.5
Maces & Flails | 1 |  1.5
Polearms       | 1 |  1.5
Staves         | 1 |  1.5
Slings         | 1 |  1.5
Bows           | 1 |  1.5
Crossbows      | 1 |  1.5
Throwing       | 1 |  1.5
Stealth        | 1 |  1.5
Shields        | 1 |  1.5
Unarmed Combat | 1 |  1.5
Evocations     | 1 |  1.5
Conjurations   | 1 |  1.2
Hexes          | 1 |  1.2
Summonings     | 1 |  1.2
Necromancy     | 1 |  1.2
Translocations | 1 |  1.2
Transmutations | 1 |  1.2
Fire Magic     | 1 |  1.2
Ice Magic      | 1 |  1.2
Air Magic      | 1 |  1.2
Earth Magic    | 1 |  1.2
Poison Magic   | 1 |  1.2
Armour         | 3 |  3.0
Fighting       | |  4.8
Axes           | |  4.8
Dodging        | |  4.8
Charms         | |  5.5

Action                   |  1- 3 |  4- 6 || total
-------------------------+-------+-------++-------
Melee: Hand axe          |   103 |   133 ||   236
       Bite              |    12 |    10 ||    22
       Punch             |       |     3 ||     3
 Cast: Infusion          |     1 |     1 ||     2
       Song of Slaying   |     1 |     1 ||     2
       Regeneration      |       |     6 ||     6
       Shroud of Golubri |       |     2 ||     2
       Spectral Weapon   |       |     1 ||     1
  Use: Scroll            |       |     3 ||     3
 Stab: Sleeping          |     1 |     1 ||     2
       Distracted        |       |     1 ||     1
  Eat: Chunk             |       |     3 ||     3
Armor: Leather armour    |    34 |    24 ||    58
Dodge: Dodged            |    86 |    76 ||   162

Table legend:
 A = Spawn XP
 B = Non-spawn XP
 C = Spawn XP percentage of total XP
 D = Spawn monster count
 E = Non-spawn monster count
 F = Spawn count percentage of total count
 G = Total turns spent on level
                    A         B        C        D         E        F      G
               +---------+---------+-------+---------+---------+-------+---------
         Total |       0 |     246 |   0.0 |       0 |      71 |   0.0 |  1744
               +---------+---------+-------+---------+---------+-------+---------
           D:1 |       0 |      27 |   0.0 |       0 |      16 |   0.0 |   626
           D:2 |       0 |      72 |   0.0 |       0 |      28 |   0.0 |   710
           D:3 |       0 |     147 |   0.0 |       0 |      27 |   0.0 |   408
               +---------+---------+-------+---------+---------+-------+---------
